 Dungeon Crawl Stone Soup version 0.26.0-45-g9c1d065592 (webtiles) character file.

Game seed: 1015798304105112556

71 sizableburger the Digger (level 4, -16/30 HPs)
             Began as a Demonspawn Earth Elementalist on Jan 31, 2021.
             Killed by an exploding an orc (29 damage)
             ... exploding inner flame
             ... on level 3 of the Dungeon.
             The game lasted 00:04:53 (2290 turns).

sizableburger the Digger (DsEE)                     Turns: 2290, Time: 00:04:56

Health: -16/30     AC:  3    Str:  9    XL:     4   Next: 5%
Magic:  7/7        EV: 12    Int: 17    God:
Gold:   129        SH:  0    Dex: 13    Spells: 3/7 levels left

rFire    . . .     SeeInvis .   d - +0 club
rCold    . . .     Faith    .   (no shield)
rNeg     . . .     Spirit   .   c - +0 robe
rPois    .         Reflect  .   (no helmet)
rElec    .         Harm     .   (no cloak)
rCorr    .         Rampage  .   e - +0 pair of gloves
Will     .....                  (no boots)
Stlth    ++........             (no amulet)
HPRegen  0.10/turn              (no ring)
MPRegen  0.10/turn              (no ring)

@: mighty, slowed, very slow
A: powered by pain 1, spiny 1, sturdy frame 1
a: no special abilities


You were on level 3 of the Dungeon.
You visited 1 branch of the dungeon, and saw 3 of its levels.

You collected 129 gold pieces.

Inventory:

Hand Weapons
 d - a +0 club (weapon)
Missiles
 b - 128 stones
Armour
 c - a +0 robe (worn)
 e - a +0 pair of gloves (worn)
Scrolls
 a - 2 scrolls of amnesia
 h - 2 scrolls of identify
 j - 3 scrolls of remove curse
 m - a scroll of teleportation {unknown}
Potions
 f - a potion of haste {unknown}
 g - a potion of attraction {unknown}
 l - a potion of might


   Skills:
 + Level 1.0 Maces & Flails
 - Level 1.7 Dodging
 - Level 2.1 Stealth
 + Level 2.3 Spellcasting
 + Level 1.1 Conjurations
 - Level 1.4 Transmutations
 + Level 3.5 Earth Magic


You had 3 spell levels left.
You knew the following spells:

 Your Spells              Type           Power        Failure   Level
a - Sandblast             Erth           26%          4%          1
b - Stone Arrow           Conj/Erth      18%          22%         3

Your spell library contained the following spells:

 Spells                   Type           Power        Failure   Level
 Passwall                 Tmut/Erth      8%           11%         2
 Petrify                  Tmut/Erth      10%          56%         4
 Lee's Rapid Deconstruct  Erth           6%           77%         5


Dungeon Overview and Level Annotations

Branches:
Dungeon (3/15)

Altars:
Nemelex Xobeh
Uskayaw


Innate Abilities, Weirdness & Mutations

You sometimes gain a little power by taking damage.
You are partially covered in sharp spines.
Your movements are slightly less encumbered by armour. (ER -2)


Message History

The orc wizard is struck by your spines.
The orc wizard hits you with a +0 dagger.
As you read the scroll of identify, it crumbles to dust.
a - 2 scrolls of amnesia The orc hits you with a +0 mace!
* * * LOW HITPOINT WARNING * * *
You focus on the pain.
You feel very mighty all of a sudden.
It was a potion of might.
You feel mightier all of a sudden. The orc is struck by your spines.
The orc barely misses you.
It was a potion of curing.
You feel better. The orc hits you with a +0 mace.
Okay, then.
As you read the scroll labelled VOTISHR LUOGGIY, it crumbles to dust.
The creatures around you are filled with an inner flame!
It was a scroll of immolation.
The orc is struck by your spines.
The orc explodes!
The fiery explosion engulfs you!!
Ouch! That really hurt!
You die...

#.............####.#####.
#........................
#..[...######.####.......
#......# #.##########.
+......# #............
#......# ##############
#......# .....#
#......####.....#
#.......@ยง#...[.#
#....#.##o#.....##
###.....oooo....w.
#......##o#w....##
#.###..##.#o....# #.
...>.......^... #
########........ ...b....
........


You could see a worm (inner flame), an orc wizard, 5 orcs and a bat.

Vanquished Creatures
  3 adders (D:2)
  3 dart slugs
  2 orcs (D:3)
  6 bats
  9 goblins
  5 hobgoblins
  2 frilled lizards
  7 kobolds (D:1)
  2 rats
39 creatures vanquished.

Vanquished Creatures (others)
  An orc (D:3)
1 creature vanquished.

Grand Total: 40 creatures vanquished

Notes
Turn   | Place    | Note
-------+----------+-------------------------------------------
     0 | D:1      | sizableburger the Demonspawn Earth Elementalist began the
                  | quest for the Orb.
     0 | D:1      | Reached XP level 1. HP: 13/13 MP: 3/3
    51 | D:2      | Reached skill level 3 in Earth Magic
   231 | D:1      | Reached skill level 1 in Transmutations
   231 | D:1      | Gained mutation: You are partially covered in sharp spines.
                  | [demonic ancestry]
   231 | D:1      | Reached XP level 2. HP: 17/19 MP: 0/5
  1004 | D:1      | Gained mutation: You sometimes gain a little power by
                  | taking damage. [demonic ancestry]
  1004 | D:1      | Reached XP level 3. HP: 14/24 MP: 6/6
  1325 | D:1      | Learned a level 3 spell: Stone Arrow
  1661 | D:2      | Noticed a +0 hand axe
  1661 | D:2      | Noticed a +0 hand axe
  1662 | D:2      | Found a hide-covered altar of Uskayaw.
  1722 | D:2      | Reached skill level 1 in Conjurations
  1983 | D:2      | Found a sparkling altar of Nemelex Xobeh.
  1993 | D:2      | Reached skill level 1 in Maces & Flails
  2175 | D:3      | Gained mutation: Your movements are slightly less
                  | encumbered by armour. (ER -2) [demonic ancestry]
  2175 | D:3      | Reached XP level 4. HP: 28/30 MP: 7/7
  2290 | D:3      | Killed by an exploding an orc... exploding inner flame

Illustrated notes

Levels and vault maps discovered:
D:1:      psy_arrival_spokes, layout_rooms, serial_glass, glass_columns_a,
          glass_columns_a, feat_on_display, feat_on_display
D:2:      layout_rooms, overflow_temple_1_default, dancing_weapons_uskayaw
D:3:      layout_basic, minitemple, elyvilon_altar_4

Skill      XL: |  1  2  3 |
---------------+----------+-----
Earth Magic    | 3 |  3.5
Stealth        | 2 |  2.1
Transmutations | 1 |  1.4
Conjurations   | 1 |  1.1
Maces & Flails | 1 |  1.0
Dodging        | |  1.7
Spellcasting   | |  2.3

Action                   |  1- 3 |  4- 6 || total
-------------------------+-------+-------++-------
Melee: Dagger            |     3 |       ||     3
       Unarmed           |     1 |       ||     1
       Club              |    58 |     6 ||    64
 Cast: Sandblast         |    20 |       ||    20
       Stone Arrow       |     1 |       ||     1
  Use: Potion            |     1 |     2 ||     3
       Scroll            |       |     3 ||     3
 Stab: Sleeping          |     3 |       ||     3
Armor: Robe              |    14 |     1 ||    15
Dodge: Dodged            |    57 |     9 ||    66
